 Dungeon Crawl Stone Soup version 0.26-a0-810-ge1a9524b62 (webtiles) character file.

Game seed: 16497854314399545811

51 FalseProphet the Sneak (level 3, 0/18 HPs)
             Began as a Spriggan Brigand on Nov 13, 2020.
             Succumbed to an adder's poison
             ... on level 2 of the Dungeon.
             The game lasted 00:03:24 (1250 turns).

FalseProphet the Sneak (Spriggan Brigand)           Turns: 1250, Time: 00:03:24

Health: 0/18       AC:  4    Str:  7    XL:     3   Next: 57%
Magic:  4/4        EV: 17    Int: 12    God:
Gold:   55         SH:  0    Dex: 18    Spells: 2/2 levels left

rFire    . . .     SeeInvis +   a - +2 dagger
rCold    . . .     Faith    .   (shield restricted)
rNeg     . . .     Spirit   .   b - +0 robe
rPois    .         Reflect  .   (helmet restricted)
rElec    .         Harm     .   c - +1 cloak
rCorr    .         Rampage  .   (gloves unavailable)
MR       .....                  (boots unavailable)
Stlth    ++++......             (no amulet)
HPRegen  0.06/turn              (no ring)
MPRegen  0.09/turn              (no ring)

@: lethally poisoned (0 -> -6), hasted, very quick
A: very small, unfitting armour, see invisible, speed 3
a: no special abilities


You were on level 2 of the Dungeon.
You visited 1 branch of the dungeon, and saw 2 of its levels.

You collected 55 gold pieces.

Inventory:

Hand Weapons
 a - a +2 dagger (weapon)
Missiles
 d - 6 poisoned darts (quivered)
 e - a curare-tipped dart
Armour
 b - a +0 robe (worn)
 c - a +1 cloak (worn)
Wands
 g - a wand of polymorph (7)
Scrolls
 h - a scroll of teleportation


   Skills:
 + Level 1.7 Fighting
 + Level 2.7 Short Blades
 + Level 2.3 Throwing
 + Level 2.1 Dodging
 + Level 7.0 Stealth


You had 2 spell levels left.
You didn't know any spells.
Your spell library was empty.

Dungeon Overview and Level Annotations

Branches:
Dungeon (2/15)

Altars:


Innate Abilities, Weirdness & Mutations

You are very small and have problems with some larger weapons.
You are too small for most types of armour.
You have supernaturally acute eyesight. (SInv)
You cover ground extremely quickly.


Message History

The adder poisons you!
You feel sick.
You feel sick.
You feel sick.
* * * LOW HITPOINT WARNING * * *
You feel sick.
* * * LOW HITPOINT WARNING * * *
You feel sick.
It was a potion of haste.
You feel yourself speed up.
* * * LOW HITPOINT WARNING * * *
You feel sick.
* * * LOW HITPOINT WARNING * * *
You feel sick.
Found a stone staircase leading down.
Unknown command.
You aren't carrying any potions.
Okay, then.
* * * LOW HITPOINT WARNING * * *
You feel sick.
You die...

#.# ##############.#
#..............#
##.############.#
#.............#.#
#.............#.#
#.............#..
#########.##############
.......@................
..........#########S####
..######..# #.# #..# #.#
#..# #.# #..# #S# #..#
#.# # #..# #.#### . #.
#..# #.#...


There were no monsters in sight!

Vanquished Creatures
  A worm (D:2)
  2 dart slugs (D:1)
  A leopard gecko (D:1)
  8 bats
  2 hobgoblins
  4 jackals (D:1)
  A frilled lizard (D:1)
  8 goblins (D:1)
  8 kobolds
  7 rats
42 creatures vanquished.

Notes
Turn   | Place    | Note
-------+----------+-------------------------------------------
     0 | D:1      | FalseProphet the Spriggan Brigand began the quest for the
                  | Orb.
     0 | D:1      | Reached XP level 1. HP: 10/10 MP: 2/2
    29 | D:1      | Reached skill level 6 in Stealth
   142 | D:1      | Reached XP level 2. HP: 12/14 MP: 3/3
   723 | D:1      | Reached XP level 3. HP: 14/18 MP: 4/4
   931 | D:1      | Reached skill level 7 in Stealth
  1250 | D:2      | Succumbed to an adder's poison

Illustrated notes

Levels and vault maps discovered:
D:1:      minmay_arrival_split_and_join, layout_rooms
D:2:      layout_basic, lemuel_crystal_altar, dancing_weapons_uskayaw,
          minmay_misc_feat_more_columns, minivault_4

Skill      XL: |  1  2  3 |
---------------+----------+-----
Stealth        | 6 7 |  7.0
Dodging        | 2 |  2.1
Fighting       | |  1.7
Short Blades   | |  2.7
Throwing       | |  2.3

Action                   || total
-------------------------++-------
Melee: Dagger            ||   101
Throw: Dart              ||    19
  Use: Scroll            ||     5
       Potion            ||     1
 Stab: Sleeping          ||    10
Armor: Robe              ||    20
Dodge: Dodged            ||   108

Table legend: (Time is in decaauts)
 A = Elapsed time spent in this place.
 B = Non-inter-level travel time spent in this place.
 C = Inter-level travel time spent in this place.
 D = Time resting spent in this place.
 E = Time spent auto-exploring this place.
 F = Levels seen in this place.
 G = Mean time per level.
                   A        B        C        D        E       F      G
               +--------+--------+--------+--------+--------+-----+--------+
         Total |    949 |    943 |      6 |    373 |    265 |   2 |  474.5 |
       Dungeon |    949 |    943 |      6 |    373 |    265 |   2 |  474.5 |
               +--------+--------+--------+--------+--------+-----+--------+

Top non-repeatable levels by time:
     D:1: 845 daAuts
     D:2: 103 daAuts
